 Dungeon Crawl Stone Soup version 0.30.1 (webtiles) character file.

Game seed: 7247978356433599873

77667 H0rd4k the Thaumaturge (level 15, -14/86 (92) HPs)
             Began as an Octopode Artificer on July 5, 2023.
             Was an Initiate of Gozag.
             Demolished by a +2 dire flail of chaos (24 damage)
             ... on level 1 of the Orcish Mines on July 6, 2023.
             The game lasted 01:35:50 (36677 turns).

H0rd4k the Thaumaturge (Octopode Artificer)        Turns: 36677, Time: 01:35:51

HP:   -14/86 (92)   AC:  5    Str: 18    XL:     15   Next: 57%
MP:   0/42          EV: 21    Int: 27    God:    Gozag
Gold: 607           SH:  0    Dex: 24    Spells: 20/43 levels left

rFire   + +          .
                       - Unarmed
rCold   + + .        (no shield)
rNeg    + . .        (helmet restricted)
rPois   .            c - amulet "Ledac" {Spirit Drain rF+ rC+ rCorr Int+2}
rElec   .            o - +4 ring of protection
rCorr   +            q - ring of resist corrosion
SInv    .            C - ring of magical power
Will    +....        H - ring of Shadows {Umbra +Inv Stlth+}
Stlth   ++++++++++   e - ring "Riraum" {Int+4 Dex+6}
HPRegen 0.34/turn    K - ring "Kuduekha" {rF+ rC+ rN+}
MPRegen 0.28/turn    S - +6 ring of strength
                     T - +6 ring of dexterity

%: guardian spirit
@: lethally poisoned (-14 -> -15), sluggish, on berserk cooldown, slowed,
wreathed by umbra, drained, very slow
A: almost no armour, amphibious, 8 rings, camouflage 1, gelatinous body 1,
(nimble swimmer 1), tentacles
a: Renounce Religion, Evoke Invisibility, Potion Petition, Call Merchant, Bribe
Branch


You were on level 1 of the Orcish Mines.
You worshipped Gozag.
Gozag was pleased with you.
You visited 4 branches of the dungeon, and saw 20 of its levels.

You collected 6561 gold pieces.
You spent 3755 gold pieces at shops.
You paid 2199 gold pieces to Gozag.

Inventory:

Hand Weapons
 B - the +11 trident of Exchange {heavy, rN+ Dex+2}
   (You found it on level 5 of the Lair of Beasts)

   Dex:       It affects your dexterity (+2).
   rN:        It protects you from negative energy.
Missiles
 u - 23 poisoned darts
 y - 3 atropa-tipped darts
 z - 5 curare-tipped darts
Armour
 k - an orb of wrath
Magical Staves
 t - a staff of poison
 F - a staff of death
 M - a staff of earth
Jewellery
 c - the amulet "Ledac" (around mantle) {Spirit Drain rF+ rC+ rCorr Int+2}
   (You bought it in a shop on level 2 of the Dungeon)

   [amulet of guardian spirit]

   It causes incoming damage to be divided between your reserves of health and
   magic.
   Int:       It affects your intelligence (+2).
   rF:        It protects you from fire.
   rC:        It protects you from cold.
   rCorr:     It protects you from acid and corrosion.
   Drain:     It drains your maximum health when unequipped.
 e - the ring "Riraum" (on tentacle) {Int+4 Dex+6}
   (You bought it in a shop on level 9 of the Dungeon)

   [ring of dexterity]

   Int:       It affects your intelligence (+4).
   Dex:       It affects your dexterity (+6).
 i - an amulet of reflection
 m - an amulet of guardian spirit
 o - a +4 ring of protection (left tentacle)
 q - a ring of resist corrosion (right tentacle)
 C - a ring of magical power (on tentacle)
 H - the ring of Shadows (on tentacle) {Umbra +Inv Stlth+}
   (You bought it in a shop on level 2 of the Dungeon)

   [ring of stealth]

   Umbra:     It surrounds you with an aura of shadow, increasing your stealth
   and reducing the accuracy of all others within it.
   +Inv:      It lets you turn invisible.
   Stlth:     It makes you more stealthy.
 K - the ring "Kuduekha" (on tentacle) {rF+ rC+ rN+}
   (You bought it in a shop on level 1 of the Orcish Mines)

   [ring of protection from cold]

   rF:        It protects you from fire.
   rC:        It protects you from cold.
   rN:        It protects you from negative energy.
 S - a +6 ring of strength (on tentacle)
 T - a +6 ring of dexterity (on tentacle)
Wands
 g - a wand of digging (3)
 w - a wand of roots (4)
Scrolls
 d - 2 scrolls of brand weapon
 f - 2 scrolls of butterflies
 h - a scroll of fear
 j - 2 scrolls of enchant armour
 l - a scroll of enchant weapon
 p - 3 scrolls of magic mapping
 r - 3 scrolls of teleportation
 s - 3 scrolls of identify
 G - 4 scrolls of amnesia
 O - 4 scrolls of blinking
 U - 2 scrolls of poison
Potions
 a - 2 potions of lignification
 n - 5 potions of haste
 v - 3 potions of mutation
 x - 3 potions of heal wounds
 A - 2 potions of flight
 D - a potion of resistance
 J - 3 potions of curing
 L - a potion of cancellation
 Q - a potion of might
 R - 2 potions of magic
Miscellaneous
 b - a condenser vane
 E - a piece from Xom's chessboard (15/15)
 I - a box of beasts (inert)
 N - a lightning rod (4/4)
 P - a phantom mirror (inert)


   Skills:
 + Level 5.2 Fighting
 + Level 6.1 Throwing
 + Level 9.5 Dodging
 + Level 9.0 Stealth
 - Level 11.6 Unarmed Combat
 * Level 14.6 Spellcasting
 + Level 5.5 Summonings
 + Level 0.2 Translocations
 + Level 1.7 Ice Magic
 * Level 9.0 Air Magic
 - Level 8.0 Poison Magic
 + Level 6.6 Evocations


You had 20 spell levels left.
You knew the following spells:

 Your Spells              Type           Power      Damage    Failure   Level
a - Poisonous Vapours     Pois/Air       100%       N/A       1%          2
b - Swiftness             Air            62%        N/A       1%          3
c - Vhi's Electric Charg  Tloc/Air       88%        N/A       1%          3
d - Airstrike             Air            31%        2d(5-21)  1%          4
e - Frozen Ramparts       Ice            56%        1d9       4%          3
f - Olgreb's Toxic Radia  Pois           58%        N/A       1%          4
g - Summon Lightning Spi  Summ/Air       56%        N/A       1%          4

Your spell library contained the following spells:

 Spells                   Type           Power      Damage    Failure   Level
 Freeze                   Ice            100%       1d10      1%          1
 Shock                    Conj/Air       100%       1d9       1%          1
 Summon Small Mammal      Summ           100%       N/A       1%          1
 Cigotuvi's Dreadful Rot  Necr/Pois/Air  100%       N/A       1%          2
 Call Canine Familiar     Summ           49%        N/A       1%          3
 Mephitic Cloud           Conj/Pois/Air  50%        N/A       1%          3
 Apportation              Tloc           40%        N/A       2%          1
 Foxfire                  Conj/Fire      76%        2x1d7     2%          1
 Necrotise                Necr           76%        1d7       2%          1
 Hailstorm                Conj/Ice       24%        3d7       5%          3
 Summon Ice Beast         Ice/Summ       39%        N/A       6%          4
 Gell's Gravitas          Tloc           20%        N/A       8%          3
 Portal Projectile        Hex/Tloc       40%        N/A       8%          3
 Teleport Other           Tloc           20%        N/A       8%          3
 Volatile Blastmotes      Fire/Tloc      40%        2d13      8%          3
 Stone Arrow              Conj/Erth      38%        3d9       9%          3
 Arcjolt                  Conj/Air       22%        1d32      12%         5
 Silence                  Hex/Air        22%        N/A       12%         5
 Freezing Cloud           Conj/Ice/Air   19%        6-21      17%         5
 Ice Form                 Ice/Tmut       24%        N/A       19%         4
 Anguish                  Hex/Necr       9%         N/A       26%         4
 Cause Fear               Hex            9%         N/A       26%         4
 Fulminant Prism          Conj/Hex       9%         3d7       26%         4
 Iskenderun's Mystic Bla  Conj/Tloc      20%        2d6       26%         4
 Leda's Liquefaction      Hex/Erth       9%         N/A       26%         4
 Plasma Beam              Fire/Air       22%        2x1d37    54%         6
 Fireball                 Conj/Fire      9%         3d6       58%         5
 Lee's Rapid Deconstruct  Erth           9%         3d7*      58%         5
 Dispersal                Tloc           10%        N/A       98%         6
 Death Channel            Necr           9%         N/A       99%         6
 Starburst                Conj/Fire      9%         6d5       99%         6
 Maxwell's Capacitive Co  Air            31%        ∞         99%         8
 Enfeeble                 Hex            9%         N/A       100%        7
 Malign Gateway           Summ/Tloc      17%        N/A       100%        7
 Discord                  Hex            9%         N/A       100%        8
 Ignition                 Fire           9%         3d5       100%        8


Dungeon Overview and Level Annotations

Branches:
Dungeon (12/15)            Temple (1/1) D:5            Lair (5/5) D:10
  Swamp (0/4) Lair:3        Snake (0/4) Lair:2        Slime (0/5) Lair:4
    Orc (2/2) D:9             Elf (0/3) Orc:2

Altars:
Ashenzari
Cheibriados
Dithmenos
Elyvilon
Fedhas
Gozag
Hepliaklqana
Kikubaaqudgha
Makhleb
Nemelex Xobeh
Okawaru
Qazlal
Ru
Sif Muna
Trog
Uskayaw
Vehumet
Wu Jian
Xom
Yredelemnul
Zin
The Shining One

Shops:
D:2 =   D:6 *   D:8 !   D:9 *=?   D:10 ?**   Orc:1 *(!   Orc:2 **[*!

Portals:
Abyss: D:4

Annotations:
D:10 exclusion: downstairs
D:11 exclusion: downstairs
Lair:3 exclusion: 2 downstairs
Orc:1 exclusion: downstairs, Merkmiralles's ghost, journeyman MiBe
Orc:2 exclusion: saltling


Innate Abilities, Weirdness & Mutations

You cannot wear most types of armour.
You are amphibious.
You can wear up to eight rings at the same time.
Your skin changes colour to match your surroundings (Stealth+).
Your rubbery body absorbs attacks. (AC +1, EV +1)
((You are camouflaged when in or above water. (Stealth+)))
You have tentacles for arms and can constrict up to eight enemies at once.


Message History

The +2 dire flail of chaos hits you!! The +2 dire flail of chaos freezes you.
The +2 dire flail of chaos attacks as you move away!
The +2 dire flail of chaos closely misses you.
As you read the scroll of teleportation, it crumbles to dust.
You feel strangely unstable.
The +2 dire flail of chaos barely misses you.
The +2 dire flail of chaos hits you!!
* * * LOW HITPOINT WARNING * * *
You are lethally poisoned!
You feel much better.
You start to feel a little slower.
You feel very sick. The +2 dire flail of chaos hits you!
* * * LOW HITPOINT WARNING * * *
A red film seems to cover your vision as you go berserk!
You feel yourself moving faster!
You feel mighty!
You feel sick.
You feel a strong urge to attack something.
You feel sick.
You feel sick.
You feel your anger nearly subside.
You are no longer berserk.
You are exhausted.
You feel yourself slow down.
Your surroundings seem slightly different.
You feel sick.
You see here a +0 flail.
You feel sick.
You feel sluggish.
You feel sick.
You see here a +0 falchion.
You feel sick.
The +2 dire flail of chaos barely misses you.
There is a stone staircase leading down here.
This staircase is marked as excluded!
Enter next level anyway?
You feel sick.
The +2 dire flail of chaos closely misses you.
The +2 dire flail of chaos hits you!!
You die...
Your body crumbles into a pile of gold.

# ##.#########............W#.#.8.
##.............[.<[....###....
##.#.............[.#.## ##W..
###.........)...[..#.#####....
##..............[..[...##$#.W..
#....##.......[)[.W)#..#._'....
##.............[.)..##.##?#....
##........#'#)).)...######.... #
####.#.....'∩'@([.....###......
###.##.......#[#.[.#.....#.......
.#......................###.###..
..#....................## ### #..
.#.......#.#............# ##.
......#......^..........# ###
.......................## ##..
..###...................# #...
...##..............#....### ##..


You could see a +2 dire flail of chaos and Merkmiralles's ghost.

Vanquished Creatures
  Kirke (D:12)
  4 orc warlords
  A stone giant (Orc:2)
  Erica (Lair:2)
  An ogre mage (Orc:2)
  9 two-headed ogres
  A merfolk avatar (Lair:5)
  An anaconda (Lair:4)
  An alligator (Lair:4)
  A boulder beetle (D:12)
  A death yak (Lair:4)
  An orc high priest (Orc:2)
  A fire crab (Lair:4)
  A skyshark (Lair:4)
  4 orc knights
  2 ugly things (D:12)
  2 orc sorcerers
  An oklob plant (Lair:2)
  3 manticores
  4 elephants
  6 black mambas
  The ghost of MrAu the Trooper, a novice FoFi of Okawaru (D:4)
  11 cane toads
  A gargoyle (D:10)
  6 komodo dragons
  7 rime drakes
  6 trolls
  5 polar bears
  3 wind drakes (Lair:5)
  2 hornets (Lair:5)
  Grinder (D:4)
  A saltling (Orc:2)
  25 blink frogs
  3 snapping turtles (Lair:5)
  A vampire (D:12)
  33 yaks
  A wyvern (D:8)
  4 basilisks
  3 vampire mosquitoes (D:12)
  4 hogs (D:12)
  2 steam dragons (D:7)
  A warg (Orc:2)
  3 nagas (Lair:2)
  20 orc warriors
  11 water moccasins
  2 ice beasts
  A sky beast (D:5)
  2 wolves (D:10)
  3 black bears
  7 ogres
  14 centaurs
  2 phantoms
  3 kobold brigands
  2 small abominations (D:4)
  7 bullfrogs
  Blork the orc (D:4)
  3 scorpions
  7 wights
  9 killer bees
  4 howler monkeys
  14 electric eels
  4 hounds
  2 gnoll boudas
  A jelly (D:6)
  13 orc priests
  4 iguanas
  Ijyb (D:4)
  21 orc wizards
  8 hell rats
  7 gnolls (D:5)
  4 adders
  8 river rats (Lair:5)
  2 shadow imps
  A white imp (D:5)
  6 worms
  2 dart slugs (D:2)
  67 orcs
  5 ball pythons
  3 endoplasms
  3 giant cockroaches
  8 goblins
  8 hobgoblins
  8 jackals
  3 quokkas
  12 bats
  5 frilled lizards
  13 kobolds
  10 rats
  A butterfly (Lair:5)
513 creatures vanquished.

Vanquished Creatures (collateral kills)
  An ettin (Orc:2)
  The ghost of 00zero00 the Severer, a journeyman HOFi of Gozag (D:9)
  Snorg (Orc:1)
  A hydra (Lair:4)
  A boulder beetle (D:12)
  Erolcha (Orc:2)
  2 two-headed ogres
  The ghost of fungusakafungus the Severer, a novice MiBe of Trog (D:9)
  The ghost of TwoHeadsTalk the Grappler, a novice TrFi of Wu Jian (D:9)
  3 bog bodies (Lair:3)
  A lindwurm (Lair:5)
  2 orc knights (Orc:2)
  2 manticores
  4 orc sorcerers
  An elephant (Lair:5)
  A black mamba (Lair:4)
  2 gargoyles
  2 cane toads (Lair:5)
  A komodo dragon (Lair:5)
  5 trolls
  9 saltlings (Orc:2)
  6 blink frogs (Lair:5)
  Sigmund (D:4)
  A wraith (D:11)
  A water elemental (D:11)
  2 steam dragons
  4 vampire mosquitoes (D:12)
  6 wargs
  A swamp worm (Lair:3)
  A black bear (D:6)
  12 orc warriors
  2 ogres
  2 centaurs
  A scorpion (D:7)
  A nameless horror (Orc:1)
  3 orc priests
  2 sleepcaps
  An iguana (D:6)
  3 orc wizards
  A gnoll (D:5)
  An adder (D:6)
  A white imp (D:5)
  22 orcs
  A rat (Lair:5)
119 creatures vanquished.

Vanquished Creatures (others)
  A black bear (D:5)
  A centaur (D:7)
2 creatures vanquished.

Grand Total: 634 creatures vanquished

Notes
Turn   | Place    | Note
-------+----------+-------------------------------------------
     0 | D:1      | H0rd4k the Octopode Artificer began the quest for the Orb.
     0 | D:1      | Reached XP level 1. HP: 13/13 MP: 1/1
   145 | D:1      | Reached XP level 2. HP: 16/18 MP: 2/2
   340 | D:1      | Reached XP level 3. HP: 18/23 MP: 3/3
   735 | D:2      | Found Xixod's Jewellery Emporium.
   785 | D:2      | Reached skill level 1 in Unarmed Combat
   965 | D:2      | Reached XP level 4. HP: 28/28 MP: 4/4
  1743 | D:3      | Reached XP level 5. HP: 34/34 MP: 5/5
  2047 | D:4      | Noticed Blork the orc
  2055 | D:4      | Killed Blork the orc
  2065 | D:4      | Noticed Ijyb
  2070 | D:4      | Killed Ijyb
  2093 | D:4      | Reached XP level 6. HP: 39/39 MP: 6/6
  2290 | D:4      | Noticed a small abomination
  2375 | D:4      | Found a stormy altar of Qazlal.
  2377 | D:4      | Noticed Sigmund
  2415 | D:4      | Killed Sigmund
  2416 | D:4      | Reached XP level 7. HP: 15/45 MP: 7/7
  2570 | D:4      | Found a transporter.
  2579 | D:4      | Found a transporter.
  2661 | D:4      | Found a one-way gate to the infinite horrors of the Abyss.
  2661 | D:4      | Noticed MrAu's ghost (novice FoFi)
  2730 | D:4      | Reached skill level 5 in Evocations
  2830 | D:4      | Noticed Grinder
  3185 | D:5      | Entered Level 5 of the Dungeon
  3320 | D:5      | Reached skill level 5 in Unarmed Combat
  3764 | D:5      | Reached XP level 8. HP: 37/51 MP: 8/8
  3879 | D:5      | Found a staircase to the Ecumenical Temple.
  4270 | D:5      | Got the Handbook of the Necrotic Geodesic
  4344 | D:5      | Reached skill level 5 in Stealth
  4583 | D:6      | Reached skill level 5 in Dodging
  4699 | D:6      | Reached skill level 1 in Throwing
  4857 | D:6      | Found Loleaqal's Elemental Accessories.
  4978 | D:6      | Reached XP level 9. HP: 49/56 MP: 9/9
  5003 | D:6      | Found a shimmering altar of Xom.
  6204 | Temple   | Entered the Ecumenical Temple
  6512 | Temple   | Became a worshipper of Gozag Ym Sagoz the Greedy
  6824 | D:7      | Noticed a two-headed ogre
  7189 | D:8      | Noticed a two-headed ogre
  7770 | D:6      | Reached XP level 10. HP: 56/63 MP: 10/10
  7887 | D:7      | Killed a two-headed ogre
  7978 | D:8      | Found Nojedoco's Distillery.
  7987 | D:8      | Killed a two-headed ogre
  8936 | D:9      | Found Ocuimau's Jewellery Shop.
  9207 | D:9      | Reached skill level 10 in Unarmed Combat
  9324 | D:9      | Found a runed translucent gate.
  9325 | D:9      | Found a runed translucent gate.
  9326 | D:9      | Found a runed translucent gate.
  9328 | D:9      | Noticed a two-headed ogre
  9359 | D:9      | Killed a two-headed ogre
  9552 | D:2      | Bought the amulet "Ledac" {Spirit Drain rF+ rC+ rCorr
                  | Int+2} for 552 gold pieces
  9600 | D:4      | Paralysed by Grinder for 5 turns
  9609 | D:4      | Killed Grinder
 10029 | D:9      | Reached XP level 11. HP: 60/70 MP: 9/11
 10167 | D:9      | Found Able's Magic Scroll Shop.
 10249 | D:9      | Noticed a two-headed ogre
 10261 | D:9      | Killed a two-headed ogre
 10267 | D:9      | Found a staircase to the Orcish Mines.
 10750 | D:9      | Found Vownup's Assorted Antiques.
 10882 | D:9      | Noticed fungusakafungus's ghost (novice MiBe)
 10883 | D:9      | Noticed 00zero00's ghost (journeyman HOFi)
 10883 | D:9      | Noticed TwoHeadsTalk's ghost (novice TrFi)
 11188 | D:10     | Entered Level 10 of the Dungeon
 11697 | D:10     | Reached skill level 1 in Spellcasting
 12083 | D:10     | Found a staircase to the Lair.
 12197 | D:10     | Noticed a two-headed ogre
 12222 | D:10     | Killed a two-headed ogre
 12707 | D:10     | Reached skill level 2 in Spellcasting
 12713 | D:10     | Reached skill level 5 in Throwing
 12932 | D:10     | Learned a level 2 spell: Poisonous Vapours
 13048 | Lair:1   | Entered Level 1 of the Lair of Beasts
 13256 | Lair:1   | Reached skill level 1 in Poison Magic
 13529 | Lair:1   | Reached skill level 1 in Air Magic
 13785 | Lair:1   | Reached skill level 3 in Spellcasting
 14584 | D:2      | Bought the ring of Shadows {Umbra +Inv Stlth+} for 400 gold
                  | pieces
 14584 | D:2      | Found the ring of Shadows {Umbra +Inv Stlth+}
 14999 | Lair:2   | Found a staircase to the Snake Pit.
 15118 | Lair:2   | Learned a level 3 spell: Swiftness
 15177 | Lair:2   | Noticed an oklob plant
 16202 | Lair:2   | Learned a level 3 spell: Vhi's Electric Charge
 16207 | Lair:2   | Learned a level 4 spell: Airstrike
 16302 | Lair:3   | Reached XP level 12. HP: 61/76 MP: 17/17
 16422 | Lair:3   | Reached skill level 4 in Spellcasting
 16847 | Lair:2   | Noticed Erica
 16872 | Lair:2   | Killed Erica
 18176 | Lair:3   | Reached skill level 5 in Spellcasting
 18669 | D:9      | Bought the ring "Riraum" {Int+4 Dex+6} for 873 gold pieces
 19746 | Orc:1    | Entered Level 1 of the Orcish Mines
 19990 | Lair:3   | Learned a level 3 spell: Frozen Ramparts
 20001 | Lair:3   | Reached skill level 6 in Spellcasting
 20073 | Lair:4   | Noticed a skyshark
 20133 | Lair:4   | Reached skill level 5 in Fighting
 20164 | Lair:4   | Found a staircase to the Slime Pits.
 20180 | Lair:4   | Reached skill level 5 in Poison Magic
 20204 | Lair:4   | Reached skill level 1 in Summonings
 20234 | Lair:4   | Reached skill level 1 in Ice Magic
 20624 | Lair:4   | Learned a level 4 spell: Olgreb's Toxic Radiance
 21038 | Lair:4   | Reached skill level 7 in Spellcasting
 21038 | Lair:4   | Reached skill level 5 in Air Magic
 21417 | Lair:4   | Noticed a death yak
 21418 | Lair:4   | Noticed an anaconda
 21593 | Lair:4   | Killed a death yak
 21594 | Lair:4   | Reached XP level 13. HP: 58/81 MP: 18/24
 21723 | Lair:5   | Entered Level 5 of the Lair of Beasts
 21900 | Lair:5   | Paralysed by a hornet for 3 turns
 22965 | Lair:5   | Reached skill level 8 in Spellcasting
 24006 | D:6      | Bought the Tractate on Turbulence for 540 gold pieces
 24011 | D:6      | Learned a level 4 spell: Summon Lightning Spire
 24202 | Lair:2   | Got the Incunable of Sandy Command
 24788 | Lair:5   | Reached skill level 9 in Spellcasting
 25371 | Lair:5   | Reached skill level 10 in Spellcasting
 25659 | Lair:5   | Reached XP level 14. HP: 88/88 MP: 28/28
 26222 | Lair:5   | Identified the +11 trident of Exchange {heavy, rN+ Dex+2}
 26878 | Orc:1    | Noticed Snorg
 26884 | Orc:1    | Found a runed translucent door.
 26884 | Orc:1    | Found a shimmering altar of Xom.
 26884 | Orc:1    | Noticed Merkmiralles's ghost (journeyman MiBe)
 26897 | Orc:1    | Killed Snorg
 27030 | Orc:1    | Noticed an orc warlord
 27032 | Orc:1    | Found Qurybull's Distillery.
 27040 | Orc:1    | Reached skill level 11 in Spellcasting
 27063 | Orc:1    | Killed an orc warlord
 27337 | Orc:1    | Found Qyahaf's Assorted Antiques.
 27345 | Orc:1    | Bought a scorched marble ring for 150 gold pieces
 27345 | Orc:1    | Identified the ring "Kuduekha" {rF+ rC+ rN+} (You bought it
                  | in a shop on level 1 of the Orcish Mines)
 27345 | Orc:1    | Bought a potion of heal wounds for 150 gold pieces
 27345 | Orc:1    | Bought a scroll of teleportation for 90 gold pieces
 27450 | Orc:2    | Entered Level 2 of the Orcish Mines
 27745 | Orc:2    | Noticed an orc warlord
 27847 | Orc:1    | Found Rocwuisomp's Weapon Shop.
 28023 | Orc:1    | Noticed an orc warlord
 28570 | Orc:1    | Killed an orc warlord
 29150 | Orc:2    | Noticed Erolcha
 29158 | Orc:2    | Killed Erolcha
 29164 | Orc:2    | Reached skill level 12 in Spellcasting
 29169 | Orc:2    | Killed an orc warlord
 29479 | Orc:2    | Paralysed by an orc sorcerer for 5 turns
 29554 | Orc:2    | Found Xogeuticw's General Store.
 30273 | Orc:2    | Found a staircase to the Elven Halls.
 30535 | Orc:2    | Reached skill level 13 in Spellcasting
 30561 | Orc:2    | Reached skill level 5 in Summonings
 30627 | Orc:2    | Noticed an orc warlord
 30680 | Orc:2    | Killed an orc warlord
 30681 | Orc:2    | Reached XP level 15. HP: 92/92 MP: 8/32
 31057 | Orc:2    | Found Xis Cia's Antique Armour Shoppe.
 31442 | D:10     | Bought 2 atropa-tipped darts for 27 gold pieces
 31448 | D:10     | Bought a scroll of teleportation for 36 gold pieces
 32819 | D:11     | Found a runed translucent door.
 33691 | D:12     | Noticed Kirke
 33737 | D:12     | Reached skill level 14 in Spellcasting
 33737 | D:12     | Killed Kirke
 34578 | Orc:2    | Found Xiuckuiwne's Distillery.
 34580 | Orc:2    | Found Arghuoto's Assorted Antiques.
 34608 | Orc:2    | Bought a scratched onyx ring for 155 gold pieces
 34608 | Orc:2    | Bought a ruby ring for 155 gold pieces
 34608 | Orc:2    | Bought a sapphire broad axe for 279 gold pieces
 34608 | Orc:2    | Identified the +7 broad axe of the Curious Quests {protect,
                  | rElec Str+3} (You bought it in a shop on level 2 of the
                  | Orcish Mines)
 34704 | Orc:2    | Bought a glowing orb for 348 gold pieces
 34748 | Orc:2    | Found Ynino's General Store.
 34994 | D:4      | Killed MrAu's ghost
 35512 | D:9      | Killed 00zero00's ghost
 35571 | D:9      | Killed fungusakafungus's ghost
 35640 | D:9      | Killed TwoHeadsTalk's ghost
 36133 | Lair:3   | Found a staircase to the Swamp.
 36677 | Orc:1    | Demolished by a +2 dire flail of chaos

Illustrated notes

Levels and vault maps discovered:
D:1:      lemuel_arrival_muddy, layout_rooms, corexii_corridor_pit
D:2:      layout_loops_ring, serial_shops, shop
D:3:      wad_pebble_path, layout_basic
D:4:      layout_cave_pods, mainiacjoe_overflow_catwalk,
          gammafunk_ghost_abyssal_escape, uniq_grinder, uniq_ijyb,
          uniq_blork_the_orc, uniq_sigmund
D:5:      layout_basic, minmay_temple_entry_grid
D:6:      layout_basic, mainiacjoe_overflow_paths, nicolae_elemental_shop,
          minmay_starry_boxes
D:7:      layout_cave_pools, grunt_tough_drop
D:8:      layout_layer_cave, nicolae_stop_n_shop_2, minivault_4
D:9:      layout_layer_cave, david_orc_3, serial_shops, shop,
          nicolae_shop_pleasant_corner_grove, nicolae_shop_advertising_works
          [nicolae_subvault_shop_adworks], gammafunk_ghost_cemetery,
          kennysheep_flooded_box
D:10:     layout_long_grid, erik_lair_island
D:11:     layout_basic, nicolae_danse_macabre
D:12:     layout_cave_pools, uniq_kirke
Temple:   mainiacjoe_temple_cubbyholes
Lair:1:   layout_cave_pods, chequers_serial_rivers_micro_e
Lair:2:   layout_concentric_octagons, minmay_snake_entry_guardpost_small,
          minmay_lair_oklob_items, serial_bayou_pond_e, uniq_erica
Lair:3:   layout_misc_corridors, nicolae_swamp_entry_splash_gauntlet,
          dreamdust_mushroom_princess
Lair:4:   layout_loops_ring, slime_entry_1, nicolae_lair_lakeside_cave,
          serial_bayou_shore_b, grunt_megastairs_3
Lair:5:   gammafunk_lair_ancient_temple, layout_layer_cave,
          kennysheep_abandoned_house, lemuel_fruit_fields
Orc:1:    layout_caves, serial_shops, nicolae_shop_behind_doors,
          nicolae_lakefront_shop, shop, ebering_ghost_xom, uniq_snorg
Orc:2:    hellmonk_orc_salted, layout_caves, serial_shops, shop, uniq_erolcha

Skill      XL: |  1  2  3  4  5  6  7  8  9 10 11 12 13 14 15 |
---------------+----------------------------------------------+-----
Evocations     | 4 5 6 |  6.6
Dodging        | 3 4 5 6 8 9 |  9.5
Unarmed Combat | 1 2 3 4 5 7 9 10 11 | 11.6
Stealth        | 2 3 4 5 7 8 9 |  9.0
Fighting       | 2 3 4 5 |  5.2
Throwing       | 1 2 3 6 |  6.1
Spellcasting   | 3 7 10 13 14 | 14.6
Poison Magic   | 2 5 8 |  8.0
Air Magic      | 2 5 6 7 9 |  9.0
Summonings     | 2 4 5 |  5.5
Ice Magic      | 1 |  1.7
Translocations | |  0.2

Action                     |  1- 3 |  4- 6 |  7- 9 | 10-12 | 13-15 || total
---------------------------+-------+-------+-------+-------+-------++-------
  Melee: Unarmed           |   106 |    77 |   273 |   468 |   260 ||  1184
         Constrict         |    31 |    25 |    34 |    75 |    37 ||   202
         Tentacles         |    22 |    11 |    57 |   125 |    69 ||   284
         Punch             |     1 |     5 |    11 |    52 |    34 ||   103
         Staff             |       |       |       |     2 |       ||     2
  Throw: Dart              |       |       |    15 |   179 |     3 ||   197
         Throwing net      |       |       |     1 |     3 |       ||     4
   Cast: Poisonous Vapours |       |       |       |   138 |   102 ||   240
         Frozen Ramparts   |       |       |       |    12 |    10 ||    22
         Vhi's Electric Ch |       |       |       |     2 |     1 ||     3
         Olgreb's Toxic Ra |       |       |       |       |   250 ||   250
         Summon Lightning  |       |       |       |       |   118 ||   118
         Swiftness         |       |       |       |       |     2 ||     2
 Invoke: Call Merchant     |       |       |       |       |     3 ||     3
  Evoke: Wand              |     2 |    21 |    18 |    16 |     6 ||    63
         Piece from Xom's  |       |       |       |     4 |     2 ||     6
         Condenser vane    |       |       |       |     1 |       ||     1
         Box of beasts     |       |       |       |       |     2 ||     2
         Phantom mirror    |       |       |       |       |     1 ||     1
    Use: Potion            |       |     4 |     8 |     8 |     3 ||    23
         Scroll            |       |       |     7 |    12 |     7 ||    26
   Stab: Sleeping          |     1 |     5 |     4 |     3 |       ||    13
         Distracted        |       |       |     2 |     2 |     6 ||    10
         Invisible         |       |       |     1 |     2 |       ||     3
         Petrified         |       |       |       |       |     2 ||     2
 Armour: Skin              |    13 |    61 |    49 |    59 |    43 ||   225
  Dodge: Dodged            |    77 |    44 |   148 |   366 |   280 ||   915
